 Dungeon Crawl Stone Soup version 0.20.0-1-g1cb1d84 (webtiles) character file.

39 tomku the Ruffian (level 3, -2/31 HPs)
             Began as a Ghoul Monk on May 26, 2017.
             Slain by a quokka (3 damage)
             ... on level 2 of the Dungeon.
             The game lasted 00:02:11 (1070 turns).

tomku the Ruffian (Ghoul Monk)                      Turns: 1070, Time: 00:02:12

Health: -2/31      AC:  3    Str: 15    XL:     3   Next: 47%
Magic:  2/2        EV: 12    Int:  5    God:
Gold:   52         SH:  0    Dex: 11    Spells: 2/2 levels left

rFire    . . .     SeeInvis .     - Unarmed
rCold    + . .     Gourm    .   (no shield)
rNeg     + + +     Faith    .   a - +0 robe
rPois    ∞         Spirit   .   (no helmet)
rElec    .         Reflect  .   (no cloak)
rCorr    .         Harm     .   (no gloves)
MR       .....                  e - +0 pair of boots
Stlth    ++........             (no amulet)
Regen    0.0/turn               (no ring)
MPRegen  0.1/turn               (no ring)

@: rotting
A: rotting body, claws 1, carnivore 3, cold resistance 1, negative energy
resistance 3, inhibited regeneration, torment resistance, unbreathing
a: no special abilities


You were on level 2 of the Dungeon.
You were not hungry.

You visited 1 branch of the dungeon, and saw 2 of its levels.

You collected 52 gold pieces.

Inventory:

Missiles
 k - 7 needles of sleeping
 l - 8 poisoned needles
 o - 23 sling bullets
Armour
 a - a +0 robe (worn)
 e - a +0 pair of boots (worn)
 h - a +0 buckler
Jewellery
 i - a cursed ring of loudness {unknown}
Scrolls
 c - 2 scrolls of identify {unknown}
 d - a scroll of teleportation {unknown}
 f - 2 scrolls of amnesia {unknown}
Potions
 g - a potion of ambrosia {unknown}
 n - a potion of curing {unknown}
Comestibles
 b - 2 meat rations
 j - a royal jelly
 m - 3 chunks of flesh


   Skills:
 - Level 3.2 Fighting
 - Level 2.6 Dodging
 - Level 2.1 Stealth
 + Level 4.8 Unarmed Combat


You had 2 spell levels left.
You didn't know any spells.

Dungeon Overview and Level Annotations

Branches:
Dungeon (2/15)

Altars:
The Shining One


Innate Abilities, Weirdness & Mutations

Your body is rotting away.
You thrive on raw meat.
You are immune to poison.
You have sharp fingernails.
You are carnivorous and can eat meat at any time.
Your flesh is cold resistant. (rC+)
You are immune to negative energy. (rN+++)
You do not regenerate when monsters are visible.
You are immune to unholy pain and torment.
You can survive without breathing.


Message History

A worm is nearby!
A quokka comes into view.
Found a stone staircase leading up and a stone staircase leading down.
You scratch the worm.
The worm is moderately wounded.
You scratch the worm.
The worm is heavily wounded.
The worm bites you!
You barely miss the worm.
The worm is heavily wounded.
The quokka bites you.
You are too injured to fight recklessly!
You scratch the worm.
The worm is severely wounded.
The quokka barely misses you. The worm bites you!
* * * LOW HITPOINT WARNING * * *
The worm bites you.
* * * LOW HITPOINT WARNING * * *
The quokka bites you.
You die...

..... .... ..>. .<. ...
..... #.. ..#.. ###
##..#.##.######.#
###..#..##........######
.#.....w#....#
###.#.....
.......r@.#_##
#.....####
........###..# #.#.### .
.............###.#.# #.
.##...#.####.....#.# #.
###...# #........# ..
#...## #..####.......
#..#. #..## #.#.....
<..... #..# ......
##...#. ..... ......


You could see a worm and a quokka.

Vanquished Creatures
  An adder (D:2)
  A worm (D:2)
  3 dart slugs (D:1)
  2 leopard geckos (D:1)
  A goblin (D:2)
  4 hobgoblins (D:1)
  3 bats (D:1)
  A frilled lizard (D:1)
  3 kobolds
  2 rats (D:1)
21 creatures vanquished.

Notes
Turn   | Place    | Note
-------+----------+-------------------------------------------
     0 | D:1      | tomku the Ghoul Monk began the quest for the Orb.
     0 | D:1      | Reached XP level 1. HP: 19/19 MP: 0/0
   117 | D:1      | Reached XP level 2. HP: 15/25 MP: 1/1
   287 | D:1      | Reached skill level 4 in Unarmed Combat
   927 | D:1      | Reached XP level 3. HP: 24/30 MP: 2/2
   970 | D:2      | Found a faded altar of an unknown god.
  1055 | D:2      | Found a glowing golden altar of the Shining One.
  1070 | D:2      | HP: 1/31 [worm (5)]
  1070 | D:2      | Slain by a quokka

Skill      XL: |  1  2 |
---------------+-------+-----
Unarmed Combat | 4 |  4.8
Fighting       | |  3.2
Dodging        | |  2.6
Stealth        | |  2.1

Action                   || total
-------------------------++-------
Melee: Unarmed           ||    66
       Punch             ||     1
 Stab: Sleeping          ||     4
  Eat: Chunk             ||     4
Armor: Robe              ||    23
Dodge: Dodged            ||    23
